 Dungeon Crawl Stone Soup version 0.19.5 (webtiles) character file.

88 Ponchio the Magician (level 4, -3/24 HPs)
             Began as a Deep Elf Conjurer on Mar 23, 2017.
             Slain by a worker ant (6 damage)
             ... on level 4 of the Dungeon.
             The game lasted 00:09:42 (3693 turns).

Ponchio the Magician (Deep Elf Conjurer)            Turns: 3693, Time: 00:09:43

Health: -3/24      AC:  2    Str:  5    XL:     4   Next: 30%
Magic:  3/14       EV: 13    Int: 21    God:
Gold:   81         SH:  0    Dex: 15    Spells: 2 memorised, 11 levels left

rFire  . . .     SeeInvis .     i - +0 dagger
rCold  . . .     Gourm    .     f - +0 robe
rNeg   . . .     Faith    .     (no shield)
rPois  .         Spirit   .     (no helmet)
rElec  .         Reflect  .     (no cloak)
rCorr  .         Harm     .     (no gloves)
MR     .....                    (no boots)
Stlth  ++........               (no amulet)
                                (no ring)
                                (no ring)

@: lethally poisoned (-3 -> -13), flying
A: no striking features
a: no special abilities


You were on level 4 of the Dungeon.
You were very hungry.

You visited 1 branch of the dungeon, and saw 4 of its levels.

You collected 81 gold pieces.

Inventory:

Hand Weapons
 i - a +0 dagger (weapon)
Armour
 a - a +0 robe
 e - a +0 robe
 f - a +0 robe (worn)
Scrolls
 h - 2 scrolls of remove curse {unknown}
 k - 4 scrolls of identify {unknown}
 l - a scroll of fog {unknown}
 n - 2 scrolls of fear {unknown}
 r - a scroll of teleportation {unknown}
Potions
 g - a potion of berserk rage {unknown}
 j - a potion of resistance {unknown}
 o - a potion of heal wounds {unknown}
 p - a potion of brilliance
 q - a potion of cancellation
Books
 b - a book of Conjurations

   Spells                             Type                      Level
   a - Magic Dart                     Conjuration                  1
   b - Searing Ray                    Conjuration                  2
   c - Dazzling Spray                 Conjuration/Hexes            3
   d - Fulminant Prism                Conjuration/Hexes            4
   e - Iskenderun's Mystic Blast      Conjuration                  4
   f - Iskenderun's Battlesphere      Conjuration/Charms           5
Comestibles
 c - 2 bread rations
 m - a fruit


   Skills:
 - Level 2.4 Dodging
 - Level 2.4 Stealth
 + Level 6.3 Spellcasting
 - Level 4.3 Conjurations


You had 11 spell levels left.
You knew the following spells:

 Your Spells              Type           Power        Failure   Level  Hunger
a - Magic Dart            Conj           ####         1%          1    None
b - Dazzling Spray        Conj/Hex       ###...       14%         3    #......


Dungeon Overview and Level Annotations

Branches:
Dungeon (4/15)
 Temple: D:4-7

Altars:
Nemelex Xobeh
Sif Muna
Uskayaw
Xom
Yredelemnul


Message History

* * * LOW HITPOINT WARNING * * *
You feel sick. The worker ant barely misses you. The worker ant bites you.
* * * LOW HITPOINT WARNING * * *
It was a potion of brilliance.
You feel clever all of a sudden.
* * * LOW HITPOINT WARNING * * *
You feel sick. The worker ant misses you.
It was a potion of cancellation.
Your magical effects are unravelling.
You feel magically purged.
Your magical contamination has completely faded away.
You feel a little less clever now.
* * * LOW HITPOINT WARNING * * *
You feel sick. The worker ant misses you.
It was a potion of flight.
You feel very buoyant.
You fly up into the air.
* * * LOW HITPOINT WARNING * * *
You feel sick. The worker ant bites you.
You die...

#.# #.#.# #.# #.#.# #.#
#.#.# #.# ###+#.... #.#
........# #.# ........#
#<#
........################.#
......$.a@...............#
.......###################
....... ....... .......
....... .##+#.. #l.


You could see a worker ant.

Vanquished Creatures
  A gnoll (D:1)
  An adder (D:3)
  An ooze (D:3)
  A worm (D:2)
  A dart slug (D:1)
  3 leopard geckos
  An orc (D:3)
  A ball python (D:1)
  6 bats
  5 giant cockroaches
  6 goblins
  5 hobgoblins
  5 jackals
  3 kobolds
  A quokka (D:2)
  4 frilled lizards
  6 rats
51 creatures vanquished.

Notes
Turn   | Place    | Note
-------+----------+-------------------------------------------
     0 | D:1      | Ponchio the Deep Elf Conjurer began the quest for the Orb.
     0 | D:1      | Reached XP level 1. HP: 10/10 MP: 6/6
   225 | D:1      | Reached XP level 2. HP: 15/15 MP: 6/8
   227 | D:1      | Reached skill level 4 in Spellcasting
   898 | D:1      | Reached XP level 3. HP: 19/19 MP: 6/11
   908 | D:1      | Reached skill level 5 in Spellcasting
  1636 | D:2      | Found a sparkling altar of Nemelex Xobeh.
  1784 | D:2      | Learned a level 3 spell: Dazzling Spray
  1983 | D:2      | Noticed a hand axe
  1998 | D:2      | Noticed a dagger
  2001 | D:2      | Found a hide-covered altar of Uskayaw.
  2125 | D:2      | Found a shimmering altar of Xom.
  2139 | D:2      | Found a deep blue altar of Sif Muna.
  2149 | D:2      | Found a basalt altar of Yredelemnul.
  2396 | D:2      | Found a hide-covered altar of Uskayaw.
  2604 | D:2      | Found a sparkling altar of Nemelex Xobeh.
  2673 | D:2      | Found a shimmering altar of Xom.
  2684 | D:2      | Found a deep blue altar of Sif Muna.
  2792 | D:2      | Found a basalt altar of Yredelemnul.
  2989 | D:3      | Reached XP level 4. HP: 24/24 MP: 10/13
  3054 | D:3      | Reached skill level 6 in Spellcasting
  3693 | D:4      | Slain by a worker ant

Skill      XL: |  1  2  3  4 |
---------------+-------------+-----
Spellcasting   | 4 5 6 |  6.3
Dodging        | |  2.4
Stealth        | |  2.4
Conjurations   | |  4.3

Action                   |  1- 3 |  4- 6 || total
-------------------------+-------+-------++-------
 Cast: Magic Dart        |    96 |    18 ||   114
       Dazzling Spray    |       |     3 ||     3
  Use: Potion            |       |     3 ||     3
  Eat: Chunk             |     5 |     1 ||     6
       Fruit             |     1 |       ||     1
Armor: Robe              |     3 |       ||     3
Dodge: Dodged            |     8 |     4 ||    12
